 Dungeon Crawl Stone Soup version 0.19-a0-1401-g902f63d (webtiles) character file.

271 Amnesiac the Grave Robber (level 6, 0/32 HPs)
             Began as a Deep Elf Necromancer on Sept 4, 2016.
             Slain by a phantom (6 damage)
             ... on level 4 of the Dungeon.
             The game lasted 00:07:43 (2157 turns).

Amnesiac the Grave Robber (Deep Elf Necromancer)    Turns: 2157, Time: 00:07:44

Health: 0/32       AC:  2    Str:  5    XL:     6   Next: 2%
Magic:  2/16       EV: 13    Int: 22    God:
Gold:   199        SH:  0    Dex: 17    Spells: 4 memorised, 4 levels left

rFire  . . .     SeeInvis .     k - +1 dagger (drain)
rCold  . . .     Gourm    .     a - +0 robe
rNeg   . . .     Faith    .     (no shield)
rPois  .         Spirit   .     (no helmet)
rElec  .         Dismiss  .     (no cloak)
rCorr  .         Reflect  .     (no gloves)
MR     .....     Harm     .     (no boots)
Stlth  ++........               (no amulet)
                                (no ring)
                                m - +2 ring of intelligence

@: no status effects
A: no striking features
a: no special abilities


You were on level 4 of the Dungeon.
You were not hungry.

You visited 1 branch of the dungeon, and saw 4 of its levels.

You collected 199 gold pieces.

Inventory:

Hand Weapons
 k - a +1 dagger of draining (weapon)
Armour
 a - a +0 robe (worn)
Jewellery
 m - a +2 ring of intelligence (left hand)
 o - an uncursed amulet of magic regeneration {unknown}
Scrolls
 e - a scroll of fear {unknown}
 l - 2 scrolls of fog {unknown}
 q - 2 scrolls of identify {unknown}
 v - a scroll of remove curse {unknown}
 w - a scroll of amnesia {unknown}
 x - a scroll of recharging {unknown}
Potions
 d - a potion of magic {unknown}
 f - 3 potions of brilliance {unknown}
 i - 2 potions of flight {unknown}
 j - 3 potions of curing {unknown}
 n - 2 potions of lignification {unknown}
 p - a potion of haste {unknown}
 s - a potion of ambrosia {unknown}
 t - a potion of degeneration {unknown}
 u - a potion of agility {unknown}
Books
 b - a book of Necromancy

   Spells                             Type                      Level
   a - Pain                           Necromancy                   1
   b - Animate Skeleton               Necromancy                   1
   c - Vampiric Draining              Necromancy                   3
   d - Regeneration                   Charms/Necromancy            3
   e - Animate Dead                   Necromancy                   4
   f - Control Undead                 Necromancy                   4
Comestibles
 c - 3 bread rations
 g - 5 fruits
 h - a beef jerky
 r - 12 chunks of flesh
 z - a meat ration


   Skills:
 - Level 2.4 Dodging
 - Level 2.4 Stealth
 + Level 5.3 Spellcasting
 * Level 7.7 Necromancy


You had 4 spell levels left.
You knew the following spells:

 Your Spells              Type           Power        Failure   Level  Hunger
a - Control Undead        Necr           #####.....   4%          4    ####...
f - Vampiric Draining     Necr           #####.....   1%          3    ##.....
r - Regeneration          Chrm/Necr      ###.......   8%          3    ##.....
z - Pain                  Necr           ####         1%          1    None


Dungeon Overview and Level Annotations

Branches:
Dungeon (4/15)
 Temple: D:4-7

Altars:


Message History

The phantom hits you!
The phantom blinks!
Casting: Regeneration
Confirm with . or Enter, or press ? or * to list all spells.
Your skin crawls.
You closely miss the phantom.
The phantom is moderately damaged.
The phantom hits you!
* * * LOW HITPOINT WARNING * * *
Your skin is crawling a little less now.
You hit the phantom.
The phantom is moderately damaged.
The phantom barely misses you.
You hit the phantom but do no damage.
The phantom is moderately damaged.
The phantom hits you.
* * * LOW HITPOINT WARNING * * *
Your skin stops crawling.
There is an open door here.
The phantom hits you.
You die...

...)..## #.....................
....W..# #.....................
.....#.####.....................
W....#..........................
.....#.....#####'#....#######
+#####.....# #.#....# ######
#.....# #.#....# #..... #.....#
#W#....# ##..... #.....#
#@###### #...... .#####.....#
#.# #...... ...........# #.#
#...... ..........## #.#
#######..^### ..........## #.#
..........# .........).# #.#
..........### ...........# #.#
..........+.. ............ #.#
#####....### ..........#+####.
#....# #


You could see a phantom.

Vanquished Creatures
  An ogre (D:4)
  A centaur skeleton (D:4)
  2 orc priests (D:4)
  An orc wizard (D:4)
  4 gnolls (D:3)
  2 adders (D:2)
  An adder skeleton (D:4)
  A giant gecko (D:1)
  10 orcs (D:4)
  6 bats
  4 goblins
  2 hobgoblins
  4 jackals (D:4)
  A quokka (D:4)
  3 giant newts
  6 kobolds
  5 rats
54 creatures vanquished.

Notes
Turn   | Place    | Note
-------+----------+-------------------------------------------
     0 | D:1      | Amnesiac the Deep Elf Necromancer began the quest for the Orb.
     0 | D:1      | Reached XP level 1. HP: 10/10 MP: 6/6
   115 | D:1      | Reached skill level 5 in Necromancy
   269 | D:1      | Reached XP level 2. HP: 13/15 MP: 6/8
  1105 | D:2      | Reached XP level 3. HP: 18/19 MP: 7/10
  1110 | D:2      | Learned a level 3 spell: Vampiric Draining
  1175 | D:3      | Reached skill level 6 in Necromancy
  1221 | D:2      | Learned a level 3 spell: Regeneration
  1316 | D:3      | Reached XP level 4. HP: 8/24 MP: 8/12
  1829 | D:4      | Learned a level 4 spell: Control Undead
  1850 | D:4      | Noticed an ogre
  1865 | D:4      | Killed an ogre
  1865 | D:4      | Reached skill level 7 in Necromancy
  1865 | D:4      | Reached XP level 5. HP: 23/28 MP: 3/14
  2003 | D:4      | Reached skill level 5 in Spellcasting
  2053 | D:4      | Noticed a phantom
  2070 | D:4      | Reached XP level 6. HP: 16/32 MP: 2/16
  2157 | D:4      | Slain by a phantom

Vault maps used:
D:1:      dpeg_arrival_rooms_b, minmay_cupped
D:2:      uniq_sigmund, uniq_crazy_yiuf_cottage
D:3:      grunt_ministairs_8
D:4:      first_bread, nemelex_xobeh_ov_fountains_minmay

Skill      XL: |  1  2  3  4  5 |
---------------+----------------+-----
Necromancy     | 5 6 7 |  7.7
Spellcasting   | 4 5 |  5.3
Dodging        | |  2.4
Stealth        | |  2.4

Action                   |  1- 3 |  4- 6 || total
-------------------------+-------+-------++-------
Melee: Dagger            |    12 |    76 ||    88
 Cast: Pain              |    35 |    13 ||    48
       Vampiric Draining |     2 |    11 ||    13
       Regeneration      |     1 |     5 ||     6
       Control Undead    |       |     1 ||     1
 Stab: Sleeping          |       |     2 ||     2
       Distracted        |       |     1 ||     1
  Eat: Chunk             |     1 |     4 ||     5
Armor: Robe              |       |     9 ||     9
Dodge: Dodged            |    21 |    47 ||    68
